 Dungeon Crawl Stone Soup version 0.24-a0-84-g25a2d9f (console) character file.

Game seed: 764496564833457041

1058 Voker57 the Slasher (level 8, 0/62 HPs)
             Began as a Demonspawn Gladiator on Feb 7, 2019.
             Succumbed to a worker ant's poison
             ... on level 7 of the Dungeon.
             The game lasted 00:07:00 (5254 turns).

Voker57 the Slasher (Demonspawn Gladiator)          Turns: 5254, Time: 00:07:00

Health: 0/62       AC:  4    Str: 21    XL:     8   Next: 6%
Magic:  8/8        EV: 15    Int:  9    God:
Gold:   198        SH:  0    Dex: 16    Spells: 7/7 levels left

rFire    + . .     SeeInvis .   a - +1 long sword
rCold    + . .     Gourm    .   (no shield)
rNeg     . . .     Faith    .   b - +0 leather armour
rPois    +         Spirit   .   c - +0 helmet
rElec    +         Reflect  .   (no cloak)
rCorr    +         Harm     .   (no gloves)
MR       .....                  (no boots)
Stlth    +.........             (no amulet)
HPRegen  0.20/turn              (no ring)
MPRegen  0.11/turn              (no ring)

@: mighty, lethally poisoned (0 -> -8), resistant, flying
A: powered by pain 1, spiny 1
a: no special abilities


You were on level 7 of the Dungeon.
You were near starving.

You visited 1 branch of the dungeon, and saw 5 of its levels.

You collected 198 gold pieces.

Inventory:

Hand Weapons
 a - a +1 long sword (weapon)
 s - a +0 blowgun
Missiles
 u - 35 poisoned needles
Armour
 b - a +0 leather armour (worn)
 c - a +0 helmet (worn)
Jewellery
 i - an uncursed ring of resist corrosion {unknown}
Scrolls
 h - 2 scrolls of teleportation
 j - 4 scrolls of remove curse
 m - a scroll of enchant armour {unknown}
 n - a scroll of amnesia {unknown}
 o - a scroll of immolation {unknown}
 p - 2 scrolls of noise {unknown}
 q - a scroll of random uselessness {unknown}
 r - 2 scrolls of fear {unknown}
 v - a scroll of fog {unknown}
Potions
 l - 4 potions of might
 t - a potion of resistance
Comestibles
 f - 3 rations


   Skills:
 + Level 5.0 Fighting
 * Level 6.7 Long Blades
 - Level 1.7 Throwing
 + Level 5.0 Dodging


You had 7 spell levels left.
You didn't know any spells.
Your spell library was empty.

Dungeon Overview and Level Annotations

Branches:
Dungeon (7/15)             Temple (0/1) D:7

Altars:
Okawaru

Shops:
D:7 }

Annotations:
D:7 2 transporters, vogonpoet's ghost, novice OpCj


Innate Abilities, Weirdness & Mutations

You sometimes gain a little power by taking damage.
You are partially covered in sharp spines.


Message History

The worker ant closely misses you.
It was a potion of resistance.
You feel protected.
* * * LOW HITPOINT WARNING * * *
You feel sick. The worker ant barely misses you.
You closely miss the worker ant.
The worker ant is heavily wounded.
* * * LOW HITPOINT WARNING * * *
You feel sick.
The worker ant is struck by your spines.
The worker ant misses you.
You riposte.
You barely miss the worker ant.
The worker ant is heavily wounded.
Okay, then.
You feel very mighty all of a sudden.
* * * LOW HITPOINT WARNING * * *
You feel sick. The worker ant bites you.
* * * LOW HITPOINT WARNING * * *
You completely miss the worker ant.
The worker ant is heavily wounded.
You die...

....#
#.............#
....#
#............/#
....#
##...##...∩...#
....#
######.......#
....#
#........#
...##
#........#
...##
#........#
....#
#........#
....#
##a......#
....#
##@......#
....#
#......:.#
©...#
#........#
....#
#...?....#
...#######
#........#
...##....#
#........#
....#....#
##.......#
....#....##
#.......#
....#)....#
+.......#
....))....#
#.......#


You could see a worker ant.

Vanquished Creatures
  An ice beast (D:6)
  A sky beast (D:6)
  2 ogres
  2 bullfrogs
  A big kobold (D:7)
  2 scorpions (D:6)
  A water moccasin skeleton (D:6)
  2 crimson imps
  A bullfrog skeleton (D:6)
  2 iguanas
  4 worker ants
  A killer bee zombie (D:7)
  2 adders
  2 shadow imps (D:7)
  An adder skeleton (D:6)
  A worm (D:3)
  4 dart slugs (D:1)
  4 leopard geckos
  4 giant cockroaches
  5 hobgoblins
  7 jackals
  10 kobolds
  4 quokkas
  2 ball pythons
  9 bats
  A frilled lizard (D:3)
  6 goblins
  6 rats (D:1)
88 creatures vanquished.

Notes
Turn   | Place    | Note
-------+----------+-------------------------------------------
     0 | D:1      | Voker57 the Demonspawn Gladiator began the quest for the
                  | Orb.
     0 | D:1      | Reached XP level 1. HP: 16/16 MP: 1/1
    78 | D:1      | Reached skill level 3 in Long Blades
    78 | D:1      | Gained mutation: You sometimes gain a little power by
                  | taking damage. [demonic ancestry]
    78 | D:1      | Reached XP level 2. HP: 9/22 MP: 2/2
   376 | D:1      | Found an iron altar of Okawaru.
   687 | D:1      | Reached XP level 3. HP: 19/28 MP: 3/3
  2038 | D:3      | Reached XP level 4. HP: 34/34 MP: 4/4
  2310 | D:3      | You fall through a shaft for 3 floors!
  2341 | D:6      | Reached skill level 4 in Long Blades
  2344 | D:6      | Reached XP level 5. HP: 9/41 MP: 5/5
  2745 | D:6      | Reached XP level 6. HP: 23/47 MP: 6/6
  3153 | D:6      | Noticed a sky beast
  3166 | D:6      | Killed a sky beast
  3166 | D:6      | Reached skill level 5 in Long Blades
  3425 | D:6      | Noticed an ice beast
  3444 | D:6      | Killed an ice beast
  3444 | D:6      | Reached XP level 7. HP: 10/54 MP: 7/7
  4000 | D:6      | Reached skill level 6 in Long Blades
  4512 | D:7      | Noticed a wraith
  4731 | D:7      | Found a staircase to the Ecumenical Temple.
  4747 | D:7      | Found a transporter.
  4747 | D:7      | Noticed vogonpoet's ghost (novice OpCj)
  4753 | D:7      | Found a transporter.
  5127 | D:7      | Found Niulom's Gadget Shoppe.
  5142 | D:7      | Reached skill level 5 in Fighting
  5142 | D:7      | Reached skill level 5 in Dodging
  5142 | D:7      | Gained mutation: You are partially covered in sharp spines.
                  | [demonic ancestry]
  5142 | D:7      | Reached XP level 8. HP: 23/62 MP: 8/8
  5252 | D:7      | HP: 2/62 [poisoned by a worker ant]
  5254 | D:7      | Succumbed to a worker ant's poison

Levels and vault maps discovered:

Skill      XL: |  1  2  3  4  5  6  7 |
---------------+----------------------+-----
Long Blades    | 3 4 5 6 |  6.7
Dodging        | 3 4 5 |  5.0
Fighting       | 3 4 5 |  5.0
Throwing       | |  1.7

Action                   |  1- 3 |  4- 6 |  7- 9 || total
-------------------------+-------+-------+-------++-------
Melee: Long sword        |   139 |   118 |   123 ||   380
Throw: Throwing net      |       |     4 |       ||     4
  Use: Potion            |       |     4 |     4 ||     8
       Scroll            |       |       |     4 ||     4
 Stab: Sleeping          |     1 |     1 |     2 ||     4
       Invisible         |       |     1 |       ||     1
       Held in net/web   |       |     4 |       ||     4
  Eat: Chunk             |     4 |       |     2 ||     6
       Ration            |       |     1 |     1 ||     2
Armor: Leather armour    |    69 |    17 |    20 ||   106
       Skin              |       |     4 |    67 ||    71
Dodge: Dodged            |   141 |    75 |    88 ||   304
       Rpst.: Long sword |    41 |    22 |    32 ||    95

Table legend:
 A = Non-vault XP
 B = Vault XP
 C = Vault XP percentage of total XP
 D = Non-vault monster count
 E = Vault monster count
 F = Vault count percentage of total count
                 A         B        C        D         E       F
            +---------+---------+-------+---------+---------+-------
      Total |    1512 |       0 |   0.0 |      88 |       0 |   0.0
            +---------+---------+-------+---------+---------+-------
        D:1 |      51 |       0 |   0.0 |      27 |       0 |   0.0
        D:2 |      45 |       0 |   0.0 |      20 |       0 |   0.0
        D:3 |      15 |       0 |   0.0 |       7 |       0 |   0.0
        D:6 |     921 |       0 |   0.0 |      19 |       0 |   0.0
        D:7 |     480 |       0 |   0.0 |      15 |       0 |   0.0
            +---------+---------+-------+---------+---------+-------
